 Dungeon Crawl Stone Soup version 0.28-a0-21-gf74fda84f9 (webtiles) character file.

Game seed: 14916575438628954924

15864 ezpacito the Corrupter of Planes (level 12, -4/89 HPs)
             Began as a Demonspawn Abyssal Knight on July 26, 2021.
             Was the Champion of Lugonu.
             Shot with an arrow by a centaur warrior (21 damage)
             ... on level 11 of the Dungeon.
             The game lasted 00:20:59 (8048 turns).

ezpacito the Corrupter of Planes (DsAK)             Turns: 8048, Time: 00:20:59

Health: -4/89      AC: 20    Str: 20    XL:     12   Next: 5%
Magic:  19/19      EV: 12    Int: 13    God:    Lugonu [******]
Gold:   719        SH:  0    Dex: 17    Spells: 3/20 levels left

rFire   . . .      SeeInvis .   t - +2 war axe
rCold   . . .      Faith    .   (no shield)
rNeg    . . .      Spirit   .   j - +6 scale mail
rPois   +          Reflect  .   L - +2 helmet
rElec   .          Harm     .   G - +0 cloak
rCorr   .          Rampage  .   (no gloves)
Will    .....                   (no boots)
Stlth   ..........              l - amulet of regeneration
HPRegen 1.24/turn               e - +6 ring of strength
MPRegen 0.16/turn               s - ring of poison resistance

@: about to teleport
A: claws 2, icy blue scales 2, demonic guardian 2, spiny 3
a: Renounce Religion, Depart the Abyss, Bend Space, Banish, Corrupt, Enter the
Abyss, Brand Weapon With Distortion


You were on level 11 of the Dungeon.
You worshipped Lugonu.
Lugonu was exalted by your worship.
You visited 2 branches of the dungeon, and saw 12 of its levels.
You visited the Abyss 1 time.

You collected 719 gold pieces.

Inventory:

Hand Weapons
 a - a +1 hand axe
 t - a +2 war axe (weapon)
 w - a +0 morningstar of protection
 x - a +2 trident of protection
 I - a +0 halberd of pain
Missiles
 d - 380 stones
 h - 7 boomerangs (quivered)
 r - 3 silver boomerangs
 y - 8 silver javelins
 E - 5 javelins
 N - a curare-tipped dart
Armour
 j - a +6 scale mail (worn)
 u - a +0 chain mail
 v - a +0 plate armour
 G - a +0 cloak (worn)
 J - +3 swamp dragon scales
 L - a +2 helmet (worn)
Jewellery
 e - a +6 ring of strength (left claw)
 i - a ring of flight
 l - an amulet of regeneration (around neck)
 s - a ring of poison resistance (right claw)
 B - a ring of resist corrosion
 K - an amulet of guardian spirit
Wands
 f - a wand of charming (10)
 C - a wand of digging (2)
 D - a wand of flame (8)
 O - a wand of mindburst (19)
Scrolls
 b - 2 scrolls of amnesia
 m - 3 scrolls of teleportation
 p - 2 scrolls of vulnerability
Potions
 c - 2 potions of flight
 g - a potion of haste
 n - a potion of attraction
 o - a potion of resistance {unknown}
 z - 5 potions of ambrosia
 A - a potion of curing
 F - a potion of lignification
 H - 4 potions of magic
 M - a potion of berserk rage {unknown}


   Skills:
 + Level 6.3 Fighting
 * Level 7.5 Axes
 + Level 4.6 Throwing
 + Level 5.2 Armour
 + Level 5.0 Dodging
 + Level 4.9 Spellcasting
 + Level 4.6 Conjurations
 + Level 3.1 Hexes
 + Level 5.3 Necromancy
 + Level 2.7 Transmutations
 + Level 2.7 Fire Magic
 + Level 3.0 Air Magic
 + Level 4.8 Poison Magic
 + Level 7.7 Invocations
 + Level 5.0 Evocations


You had 3 spell levels left.
You knew the following spells:

 Your Spells              Type           Power      Damage    Failure   Level
a - Ignite Poison         Fire/Tmut/Pois 12%        N/A       36%         3
b - Mephitic Cloud        Conj/Pois/Air  14%        N/A       28%         3
c - Dispel Undead         Necr           17%        3d10      50%         4
d - Searing Ray           Conj           30%        3d4       12%         2
e - Fulminant Prism       Conj/Hex       6%         3d7       71%         4
f - Shock                 Conj/Air       52%        1d6       11%         1

Your spell library contained the following spells:

 Spells                   Type           Power      Damage    Failure   Level
 Magic Dart               Conj           60%        1d6       8%          1
 Foxfire                  Conj/Fire      48%        2x1d6     12%         1
 Corpse Rot               Necr/Air       N/A        N/A       14%         2
 Static Discharge         Conj/Air       13%        N/A       16%         2
 Conjure Flame            Conj/Fire      12%        6-21      34%         3
 Inner Flame              Hex/Fire       10%        N/A       41%         3
 Stone Arrow              Conj/Erth      18%        3d8       52%         3
 Frozen Ramparts          Ice            6%         1d2       83%         3
 Gell's Gravitas          Tloc           1%         N/A       83%         3
 Lesser Beckoning         Tloc           1%         N/A       83%         3
 Teleport Other           Tloc           3%         N/A       83%         3
 Sticky Flame             Conj/Fire      12%        2d4       75%         4
 Hailstorm                Conj/Ice       9%         3d4       89%         4
 Ice Form                 Ice/Tmut       6%         N/A       96%         4
 Alistair's Intoxication  Tmut/Pois      8%         N/A       97%         5
 Animate Armour           Summ/Erth      6%         N/A       99%         4
 Summon Ice Beast         Ice/Summ       3%         N/A       99%         4
 Bolt of Magma            Conj/Fire/Erth 4%         4d5       99%         5
 Eringya's Noxious Bog    Tmut/Pois      6%         N/A       100%        6
 Simulacrum               Ice/Necr       5%         N/A       100%        6
 Lehudib's Crystal Spear  Conj/Erth      4%         10d3      100%        8


Dungeon Overview and Level Annotations

Branches:
Dungeon (11/15)            Temple (1/1) D:5            Lair (0/6) D:8
    Orc: D:9-12

Altars:
Ashenzari
Cheibriados
Dithmenos
Elyvilon
Fedhas
Gozag
Hepliaklqana
Kikubaaqudgha
Makhleb
Nemelex Xobeh
Okawaru
Qazlal
Ru
Sif Muna
Trog
Uskayaw
Vehumet
Wu Jian
Xom
Yredelemnul
Zin
The Shining One

Shops:
D:6 :

Annotations:
D:5 1 runed translucent door


Innate Abilities, Weirdness & Mutations

You have very sharp fingernails.
You are mostly covered in icy blue scales. (AC +3)
A demonic guardian rushes to your aid.
You are completely covered in sharp spines.


Message History

The nine-headed hydra closely misses you.
The nine-headed hydra bites you!
The nine-headed hydra barely misses you.
The nine-headed hydra misses you. The nine-headed hydra bites you.
The nine-headed hydra bites you!
The nine-headed hydra bites you but does no damage. x2
The nine-headed hydra bites you.
* * * LOW HITPOINT WARNING * * *
Blink to where?
Press: ? - help, Dir - move target
As you read the scroll of blinking, it crumbles to dust.
The centaur warrior shoots an arrow.
The arrow hits you!
* * * LOW HITPOINT WARNING * * *
Blink to where?
Press: ? - help, Dir - move target
As you read the scroll of blinking, it crumbles to dust.
As you read the scroll of teleportation, it crumbles to dust.
You feel strangely unstable.
Aiming: Mindburst
Press: ? - help, Shift-Dir - straight line, f - nine-headed hydra
Aim: a nine-headed hydra (moderately wounded, chance to affect: 51%)
The nine-headed hydra's minds are blasted!
You hear an angry buzzing noise.
Aiming: Mindburst
Press: ? - help, Shift-Dir - straight line, f/p - nine-headed hydra
Aim: a nine-headed hydra (heavily wounded, chance to affect: 51%)
The nine-headed hydra's minds are blasted!!
The nine-headed hydra misses you.
The nine-headed hydra closely misses you.
The nine-headed hydra barely misses you. x2
The nine-headed hydra bites you but does no damage.
The nine-headed hydra bites you.
* * * LOW HITPOINT WARNING * * *
The nine-headed hydra bites you.
* * * LOW HITPOINT WARNING * * *
A demonic guardian appears!
The nine-headed hydra barely misses you.
The nine-headed hydra completely misses you.
The centaur warrior shoots an arrow.
The arrow hits you!!
You die...

#####.....#......#. .#
..........#........#.#
..#.#####.##.#.#o.c..#
.#..# #.#.#.#.#)#..#
#..## #.#.......§..#
#.## #.#.#.#.#.#..#
..# #.##.# #.#o.## ###
#.#... ##Dc### #
###.#...##@.##?# ##
#...#...#..##..# .#
##.#.#...3.##..#
.#####..#.#.#......# #
......)...#...#....#.#
#########.#.#...#....#
#.#...#...#..#
#.#.#...#....#
#.#)†.#...#.##


You could see a nine-headed hydra (ally target), a centaur warrior, an orc
priest and a friendly sixfirhy (summoned).

Vanquished Creatures
  A boulder beetle (D:11)
  A two-headed ogre (D:11)
  Pikel (D:5)
  A deep elf zephyrmancer (D:6)
  An orb spider (shapeshifter) (D:9)
  3 ugly things
  An unseen horror (D:10)
  2 kobold demonologists
  2 trolls
  2 hornets
  A shadow (D:11)
  14 yaks
  2 wyverns (D:9)
  2 steam dragons
  A vampire mosquito (D:9)
  4 water moccasins
  4 orc warriors
  2 ice beasts
  A black bear (D:5)
  2 sky beasts
  3 ogres
  3 necrophages
  3 centaurs
  2 lemures (D:5)
  A phantom (D:6)
  2 kobold brigands (D:10)
  3 bullfrogs
  A scorpion (D:5)
  A gnoll sergeant (D:9)
  The ghost of DocClef the Covert, a weakling GnDe (D:5)
  4 wights
  43 killer bees
  9 howler monkeys
  A centaur zombie (D:9)
  A bullfrog zombie (D:5)
  A lava snake (D:11)
  A hound (D:4)
  A bullfrog skeleton (D:5)
  The ghost of DunceCap the Vexing, a weakling FeEn (D:3)
  5 jellies
  6 orc priests
  2 gnoll shamans (D:9)
  3 orc wizards
  A killer bee zombie (D:8)
  14 gnolls (D:9)
  A howler monkey skeleton (D:4)
  7 adders
  A river rat (D:5)
  A shadow imp (D:7)
  A white imp (D:3)
  2 adder skeletons (D:4)
  3 dart slugs
  21 orcs
  9 ball pythons
  8 endoplasms
  5 giant cockroaches
  8 hobgoblins
  21 jackals
  9 kobolds
  3 quokkas
  4 bats
  2 frilled lizards
  3 goblins
  12 rats
282 creatures vanquished.

Vanquished Creatures (collateral kills)
  A boulder beetle (D:9)
  A two-headed ogre (D:11)
  A centaur zombie (D:11)
  Maggie (D:7)
  A meliai zombie (D:11)
  A shadow (D:11)
  A basilisk (D:11)
  3 yaks
  A steam dragon (D:9)
  An orc warrior (D:7)
  An iron imp (D:5)
  An orc wizard (D:7)
  2 orcs
16 creatures vanquished.

Vanquished Creatures (others)
  A queen bee (D:10)
  An orc wizard (D:7)
2 creatures vanquished.

Grand Total: 300 creatures vanquished

Notes
Turn   | Place    | Note
-------+----------+-------------------------------------------
     0 | Abyss:1  | ezpacito the Demonspawn Abyssal Knight began the quest for
                  | the Orb.
     0 | Abyss:1  | Reached XP level 1. HP: 18/18 MP: 2/2
    40 | Abyss:2  | Found a corrupted altar of Lugonu.
    80 | Abyss:3  | Noticed a wretched star
    84 | Abyss:3  | Noticed a spatial vortex
    84 | Abyss:3  | Noticed a spatial maelstrom
    92 | Abyss:3  | Noticed a spatial vortex
    92 | Abyss:3  | Noticed a spatial vortex
    92 | Abyss:3  | Noticed a spatial vortex
   117 | Abyss:3  | Noticed a spatial vortex
   129 | Abyss:3  | Noticed a large abomination
   133 | Abyss:3  | Noticed a small abomination
   136 | D:1      | Escaped the Abyss
   326 | D:1      | Reached skill level 1 in Dodging
   395 | D:1      | Gained mutation: A weak demonic guardian rushes to your
                  | aid. [demonic ancestry]
   395 | D:1      | Reached XP level 2. HP: 18/24 MP: 3/3
   397 | D:1      | Reached * piety under Lugonu
   935 | D:1      | Gained mutation: You are partially covered in icy blue
                  | scales. (AC +2) [demonic ancestry]
   935 | D:1      | Reached XP level 3. HP: 28/29 MP: 5/5
  1482 | D:2      | Reached ** piety under Lugonu
  1483 | D:2      | Reached skill level 1 in Spellcasting
  1593 | D:2      | Found a faded altar of an unknown god.
  1675 | D:2      | Found a basalt altar of Yredelemnul.
  1874 | D:2      | Gained mutation: You are partially covered in sharp spines.
                  | [demonic ancestry]
  1874 | D:2      | Reached XP level 4. HP: 34/35 MP: 6/6
  2017 | D:3      | Noticed an ogre
  2057 | D:2      | Killed an ogre
  2058 | D:2      | Reached XP level 5. HP: 32/41 MP: 7/7
  2172 | D:3      | Found a runed translucent door.
  2176 | D:3      | Noticed DunceCap's ghost (weakling FeEn)
  2362 | D:3      | Killed DunceCap's ghost
  2363 | D:3      | Reached skill level 1 in Throwing
  2458 | D:4      | Gained mutation: You are mostly covered in sharp spines.
                  | [demonic ancestry]
  2458 | D:4      | Reached XP level 6. HP: 47/47 MP: 8/8
  2733 | D:4      | Reached *** piety under Lugonu
  2738 | D:4      | Learned a level 3 spell: Ignite Poison
  2742 | D:4      | Learned a level 3 spell: Mephitic Cloud
  2954 | D:4      | Gained mutation: You are mostly covered in icy blue scales.
                  | (AC +3) [demonic ancestry]
  2954 | D:4      | Reached XP level 7. HP: 37/53 MP: 10/10
  3007 | D:4      | Learned a level 4 spell: Dispel Undead
  3312 | D:5      | Entered Level 5 of the Dungeon
  3352 | D:5      | Reached skill level 1 in Necromancy
  3354 | D:5      | Reached skill level 1 in Poison Magic
  3363 | D:5      | Reached skill level 1 in Evocations
  3370 | D:5      | Reached skill level 1 in Conjurations
  3440 | D:5      | Gained mutation: You have sharp fingernails. [demonic
                  | ancestry]
  3440 | D:5      | Reached XP level 8. HP: 60/60 MP: 11/11
  3492 | D:5      | Found an opulent altar of Gozag.
  3532 | D:5      | Found a sparkling altar of Nemelex Xobeh.
  3545 | D:5      | Noticed Pikel
  3560 | D:5      | Killed Pikel
  3561 | D:5      | Reached skill level 5 in Invocations
  3570 | D:5      | Found a staircase to the Ecumenical Temple.
  3591 | Temple   | Entered the Ecumenical Temple
  3705 | D:5      | Found a runed translucent door.
  3706 | D:5      | Noticed DocClef's ghost (weakling GnDe)
  3809 | D:5      | Found a runed translucent door.
  3819 | D:5      | Reached skill level 5 in Axes
  3820 | D:5      | Found a snail-covered altar of Cheibriados.
  3952 | D:5      | Reached **** piety under Lugonu
  3961 | D:5      | Killed DocClef's ghost
  3962 | D:5      | Gained mutation: You have very sharp fingernails. [demonic
                  | ancestry]
  3962 | D:5      | Reached XP level 9. HP: 66/66 MP: 13/13
  4035 | D:6      | Found Pedaere's Book Boutique.
  4098 | D:6      | Noticed a deep elf zephyrmancer
  4142 | D:6      | Killed a deep elf zephyrmancer
  4143 | D:6      | Reached skill level 5 in Fighting
  4235 | D:6      | Found a shadowy altar of Dithmenos.
  4826 | D:7      | Got the Volume of Lightness and Venom
  4851 | D:7      | Noticed Maggie
  4858 | D:7      | Killed Maggie
  4938 | D:7      | Gained mutation: A demonic guardian rushes to your aid.
                  | [demonic ancestry]
  4938 | D:7      | Reached XP level 10. HP: 35/74 MP: 15/15
  5239 | D:7      | Found a hazy altar of Hepliaklqana.
  5320 | D:7      | Found a basalt altar of Yredelemnul.
  5322 | D:7      | Found a radiant altar of Vehumet.
  5420 | D:7      | Learned a level 2 spell: Searing Ray
  5425 | D:7      | Learned a level 4 spell: Fulminant Prism
  5427 | D:7      | Learned a level 1 spell: Shock
  5656 | D:8      | Reached skill level 1 in Fire Magic
  5840 | D:8      | Found a staircase to the Lair.
  5970 | D:8      | Reached skill level 1 in Transmutations
  6044 | D:9      | Reached skill level 1 in Air Magic
  6063 | D:9      | Reached ***** piety under Lugonu
  6121 | D:9      | Reached skill level 1 in Hexes
  6432 | D:9      | Noticed an orb spider
  6446 | D:9      | Killed an orb spider
  6448 | D:9      | Noticed a purple ugly thing
  6451 | D:9      | Noticed a white ugly thing
  6470 | D:9      | Killed a purple ugly thing
  6471 | D:9      | Reached XP level 11. HP: 77/81 MP: 17/17
  6475 | D:9      | Killed a purple ugly thing
  6477 | D:9      | Noticed a boulder beetle
  6499 | D:9      | Killed a boulder beetle
  7010 | D:10     | Entered Level 10 of the Dungeon
  7289 | D:10     | Reached skill level 5 in Armour
  7501 | D:10     | Reached skill level 5 in Necromancy
  7902 | D:11     | Noticed a boulder beetle
  7917 | D:11     | Killed a boulder beetle
  7932 | D:11     | Noticed a two-headed ogre
  7939 | D:11     | Killed a two-headed ogre
  7973 | D:11     | Noticed a brown ugly thing
  7980 | D:11     | Killed a brown ugly thing
  7981 | D:11     | Reached skill level 5 in Dodging
  7985 | D:11     | Reached skill level 5 in Evocations
  8020 | D:11     | Noticed a two-headed ogre
  8023 | D:11     | Reached ****** piety under Lugonu
  8029 | D:11     | Killed a two-headed ogre
  8030 | D:11     | Gained mutation: You are completely covered in sharp
                  | spines. [demonic ancestry]
  8030 | D:11     | Reached XP level 12. HP: 70/89 MP: 19/19
  8034 | D:11     | Noticed a centaur warrior
  8037 | D:11     | Noticed an eight-headed hydra
  8048 | D:11     | Shot with an arrow by a centaur warrior

Illustrated notes

Levels and vault maps discovered:
D:1:      minmay_arrival_semitransparent, layout_loops_ring, chequers_jeans,
          roderic_cross_of_infinity, skrybe_limestone_x,
          hangedman_abyss_or_decor_stabs, chequers_serial_rivers_marsh
D:2:      layout_basic, shapermc_ecumenical_altar_starsandcircs,
          kennysheep_flooded_box
D:3:      layout_rooms, gammafunk_ghost_grave, amcnicky_mini_pool_small
D:4:      layout_loops_corners
D:5:      layout_rooms, slow_altar_1, lemuel_crystal_altar,
          mainiacjoe_overflow_24_doors, minmay_temple_entry_junction_2,
          ebering_ghost_sewer_f, uniq_pikel
D:6:      layout_loops_ring, nicolae_dithmenos_shadow_blocks, st_stairs_5,
          nicolae_stop_n_shop_2, nrook_mini_backslash, guppyfry_early_elven_hall
D:7:      layout_loops_cross, old_standard_altar,
          chequers_temple_overflow_statue_of_worship, uniq_maggie
D:8:      layout_rooms, lair_entry_dummy
D:9:      minmay_bloctagon, layout_loops_ring
D:10:     layout_roguey [special_room_bee]
D:11:     minmay_the_grid_triangle_9x9_line_8_mashed
          [minmay_the_grid_triangle_9x9_corruption,
          minmay_the_grid_triangle_9x9_sparse_checkered,
          minmay_the_grid_triangle_9x9_semitri,
          minmay_the_grid_triangle_9x9_zippers_vertical,
          minmay_the_grid_triangle_9x9_negative_grid,
          minmay_the_grid_triangle_9x9_from_above,
          minmay_the_grid_triangle_9x9_tough_junction,
          minmay_the_grid_triangle_9x9_prize_insulated], layout_rooms,
          kennysheep_crisscross
Temple:   eino_temple_lava

Skill      XL: |  1  2  3  4  5  6  7  8  9 10 11 |
---------------+----------------------------------+-----
Axes           | 2 3 4 5 6 7 |  7.5
Dodging        | 1 2 3 4 5 |  5.0
Armour         | 2 3 4 5 |  5.2
Spellcasting   | 1 2 3 4 |  4.9
Invocations    | 3 4 5 6 7 |  7.7
Throwing       | 1 2 3 4 |  4.6
Fighting       | 4 5 6 |  6.3
Necromancy     | 1 2 3 4 5 |  5.3
Poison Magic   | 1 2 3 4 |  4.8
Evocations     | 1 2 3 4 5 |  5.0
Conjurations   | 1 2 3 4 |  4.6
Fire Magic     | 1 2 |  2.7
Transmutations | 1 2 |  2.7
Air Magic      | 1 3 |  3.0
Hexes          | 2 3 |  3.1

Action                   |  1- 3 |  4- 6 |  7- 9 | 10-12 || total
-------------------------+-------+-------+-------+-------++-------
Melee: Hand axe          |   145 |    47 |       |       ||   192
       War axe           |       |    26 |   171 |   344 ||   541
Throw: Boomerang         |       |       |     4 |       ||     4
 Cast: Mephitic Cloud    |       |       |       |     2 ||     2
Invok: Depart the Abyss  |     1 |       |       |       ||     1
Evoke: Wand              |       |       |    10 |    11 ||    21
  Use: Scroll            |     2 |     1 |     5 |    22 ||    30
       Potion            |       |     2 |     2 |     7 ||    11
 Stab: Distracted        |       |       |     1 |     1 ||     2
       Invisible         |       |       |       |     4 ||     4
       Confused          |       |       |       |     1 ||     1
Armor: Ring mail         |    19 |       |       |       ||    19
       Leather armour    |     1 |       |       |       ||     1
       Scale mail        |    90 |    43 |   101 |   243 ||   477
Dodge: Dodged            |   111 |    35 |   110 |   266 ||   522

Table legend: (Time is in decaauts)
 A = Elapsed time spent in this place.
 B = Non-inter-level travel time spent in this place.
 C = Inter-level travel time spent in this place.
 D = Time resting spent in this place.
 E = Time spent auto-exploring this place.
 F = Levels seen in this place.
 G = Mean time per level.
                   A        B        C        D        E       F      G
               +--------+--------+--------+--------+--------+-----+--------+
         Total |   8200 |   7842 |    358 |     61 |   5890 |  15 |  546.7 |
       Dungeon |   8000 |   7653 |    347 |     61 |   5783 |  11 |  727.3 |
        Temple |     64 |     54 |     10 |      0 |     54 |   1 |   64.0 |
         Abyss |    135 |    135 |      0 |      0 |     53 |   3 |   45.0 |
               +--------+--------+--------+--------+--------+-----+--------+

Top non-repeatable levels by time:
     D:1: 1197 daAuts
     D:9: 1037 daAuts
     D:4: 933 daAuts
     D:7: 811 daAuts
    D:10: 791 daAuts
     D:6: 747 daAuts
     D:2: 717 daAuts
     D:5: 668 daAuts
     D:8: 451 daAuts
     D:3: 377 daAuts
    D:11: 267 daAuts
 Abyss:3: 71 daAuts
  Temple: 64 daAuts
 Abyss:2: 46 daAuts
 Abyss:1: 17 daAuts
